 Dungeon Crawl Stone Soup version 0.28-a0-691-gad6df49e81 (webtiles) character file.

Game seed: 8742838912352566041

4 jsc133 the Ducker (level 1, -1/10 HPs)
             Began as a Felid Berserker on Oct 20, 2021.
             Was a Follower of Trog.
             Frozen to death by an endoplasm (3 damage)
             ... on level 1 of the Dungeon.
             The game lasted 00:00:52 (202 turns).

jsc133 the Ducker (Felid Berserker)                  Turns: 202, Time: 00:00:53

Health: -1/10      AC:  1    Str: 13    XL:     1   Next: 50%
Magic:  2/2        EV: 18    Int:  8    God:    Trog [*.....]
Gold:   7          SH:  0    Dex: 15    Spells: 0/0 levels left
                                        Lives:  0   Deaths: 0

rFire   . . .      SeeInvis +     - Unarmed
rCold   . . .      Faith    .   (shield unavailable)
rNeg    . . .      Spirit   .   (armour unavailable)
rPois   .          Reflect  .   (helmet unavailable)
rElec   .          Harm     .   (cloak unavailable)
rCorr   .          Rampage  .   (gloves unavailable)
Will    .....                   (boots unavailable)
Stlth   +.........              (no amulet)
HPRegen 0.03/turn               (no ring)
MPRegen 0.08/turn               (no ring)

@: quick
A: very small, claws 1, fangs 3, see invisible, speed 1, shaggy fur 1, stealthy
paws, no weapons or thrown items, no armour, multi-lived
a: Renounce Religion, Berserk


You were on level 1 of the Dungeon.
You worshipped Trog.
Trog was aware of your devotion.
You visited 1 branch of the dungeon, and saw 1 of its levels.

You collected 7 gold pieces.

Inventory:

Scrolls
 b - a scroll of magic mapping {unknown}
Potions
 a - a potion of curing {unknown}


   Skills:
 + Level 3.0 Fighting
 + Level 4.2 Dodging
 + Level 3.1 Unarmed Combat


You couldn't memorise any spells.
You didn't know any spells.
Your spell library was empty.

Dungeon Overview and Level Annotations

Branches:
Dungeon (1/15)

Altars:


Innate Abilities, Weirdness & Mutations

You have sharp claws.
You have razor-sharp teeth.
You have supernaturally acute eyesight. (SInv)
You cover ground quickly. (Speed+)
You are covered in fur. (AC +1)
Your paws help you pounce on unaware monsters.
You are incapable of wielding weapons or throwing items.
You cannot wear armour.
You gain extra lives every three experience levels.


Message History

The endoplasm is moderately wounded.
The endoplasm freezes you.
You are frozen.
* * * LOW HITPOINT WARNING * * *
You scratch the endoplasm.
You kill the endoplasm!
Trog accepts your kill.
Found a stone staircase leading down.
There is a stone staircase leading down here.
Found 2 fizzy silvery potions.
Found a scroll labelled GEASHR XAIMURU.
b - a scroll labelled GEASHR XAIMURU A hobgoblin comes into view.
You see here 2 fizzy silvery potions.
An endoplasm comes into view.
A rat and an endoplasm come into view.
The hobgoblin barely misses you.
The rat moves out of view.
You barely miss the hobgoblin.
The endoplasm quivers.
The hobgoblin completely misses you.
You scratch the hobgoblin.
The hobgoblin is moderately wounded.
The hobgoblin misses you.
You scratch the hobgoblin.
The hobgoblin is severely wounded.
The endoplasm freezes you.
You are frozen.
* * * LOW HITPOINT WARNING * * *
The hobgoblin closely misses you.
You barely miss the hobgoblin.
The hobgoblin is severely wounded.
The endoplasm misses you. The hobgoblin barely misses you.
You barely miss the hobgoblin.
The hobgoblin is severely wounded.
The endoplasm closely misses you. The hobgoblin closely misses you.
You closely miss the hobgoblin. You bite the hobgoblin.
The hobgoblin is almost dead.
The endoplasm freezes you.
You are frozen.
You die...

.. ## . .# .#.#
...# # #..# #.#.J#
###.#gr# #...J@.#
#.###..# #.#.##..#
### ##. ##.#..#
... #.##.##.!.#
#.######...#..#.##
##..........#..#.#
..........#...##.#
.......>...#.# #.#


You could see 2 endoplasms, a hobgoblin and a rat.

Vanquished Creatures
  An endoplasm (D:1)
  A goblin (D:1)
  A kobold (D:1)
  A rat (D:1)
4 creatures vanquished.

Notes
Turn   | Place    | Note
-------+----------+-------------------------------------------
     0 | D:1      | jsc133 the Felid Berserker began the quest for the Orb.
     0 | D:1      | Reached XP level 1. HP: 10/10 MP: 2/2
   202 | D:1      | Frozen to death by an endoplasm

Illustrated notes

Levels and vault maps discovered:
D:1:      minmay_arrival_cross, layout_loops_ring,
          shapermc_ecumenical_altar_petra

Action                   || total
-------------------------++-------
Melee: Unarmed           ||    14
       Bite              ||     2
 Stab: Sleeping          ||     1
Armor: Skin              ||     1
Dodge: Dodged            ||    11

Table legend: (Time is in decaauts)
 A = Elapsed time spent in this place.
 B = Non-inter-level travel time spent in this place.
 C = Inter-level travel time spent in this place.
 D = Time resting spent in this place.
 E = Time spent auto-exploring this place.
 F = Levels seen in this place.
 G = Mean time per level.
                   A        B        C        D        E       F      G
               +--------+--------+--------+--------+--------+-----+--------+
         Total |    164 |    164 |      0 |      0 |      0 |   1 |  164.0 |
       Dungeon |    164 |    164 |      0 |      0 |      0 |   1 |  164.0 |
               +--------+--------+--------+--------+--------+-----+--------+

Top non-repeatable levels by time:
     D:1: 164 daAuts
